 Dungeon Crawl Stone Soup version 0.28-a0-845-gfc338a8e3c (webtiles) character file.

Game seed: 12645332073223652970

638 Crownlay the Grappler (level 7, -12/66 HPs)
             Began as a Troll Monk on Nov 12, 2021.
             Mangled by a two-headed ogre (22 damage)
             ... on level 5 of the Dungeon.
             The game lasted 00:03:27 (2244 turns).

Crownlay the Grappler (Troll Monk)                  Turns: 2244, Time: 00:03:28

Health: -12/66     AC:  5    Str: 22    XL:     7   Next: 25%
Magic:  6/6        EV: 10    Int:  6    God:
Gold:   94         SH:  0    Dex: 12    Spells: 6/6 levels left

rFire   . . .      SeeInvis .     - Unarmed
rCold   . . .      Faith    .   (no shield)
rNeg    . . .      Spirit   .   a - +0 robe
rPois   .          Reflect  .   (helmet restricted)
rElec   .          Harm     .   h - +0 cloak
rCorr   .          Rampage  .   (gloves unavailable)
Will    .....                   (boots unavailable)
Stlth   ++........              (no amulet)
HPRegen 1.21/turn               (no ring)
MPRegen 0.10/turn               (no ring)

@: no status effects
A: large, unfitting armour, claws 3, regeneration 1, shaggy fur 1, tough skin 1
a: no special abilities


You were on level 5 of the Dungeon.
You visited 1 branch of the dungeon, and saw 5 of its levels.

You collected 94 gold pieces.

Inventory:

Missiles
 o - a throwing net (quivered)
Armour
 a - a +0 robe (worn)
 h - a +0 cloak (worn)
Jewellery
 i - an amulet of magic regeneration
Wands
 n - a wand of iceblast (10)
 p - a wand of acid (8)
 r - a wand of polymorph (2)
Scrolls
 b - 3 scrolls of noise
 c - a scroll of immolation
 e - a scroll of fear
 g - 4 scrolls of amnesia
 j - a scroll of identify
 q - a scroll of enchant armour
Potions
 d - a potion of heal wounds {unknown}
 f - a potion of experience {unknown}
 k - a potion of brilliance {unknown}
 l - a potion of resistance {unknown}
 m - a potion of invisibility {unknown}
 s - a potion of curing {unknown}
 t - a potion of flight {unknown}


   Skills:
 - Level 2.9 Fighting
 - Level 2.4 Dodging
 - Level 1.0 Stealth
 * Level 8.2 Unarmed Combat


You had 6 spell levels left.
You didn't know any spells.
Your spell library contained the following spells:

 Spells                   Type           Power      Damage    Failure   Level
 Animate Dead             Necr           0%         N/A       99%         4
 Haunt                    Necr/Summ      0%         N/A       100%        7
 Infestation              Necr           0%         N/A       100%        8


Dungeon Overview and Level Annotations

Branches:
Dungeon (6/15)
 Temple: D:4-7

Altars:
Ru
Zin

Shops:
D:1 (*?[!

Annotations:
D:5 Eustachio


Innate Abilities, Weirdness & Mutations

You are too large for most types of armour.
You have claws for hands.
Your natural rate of healing is unusually fast.
You are covered in fur. (AC +1)
You have tough skin. (AC +1)


Message History

No target in view!
No target in view!
You see here a +0 giant club.
Found 19 sling bullets.
Found an emerald potion.
n - a wand of iceblast (10)
You enter the shallow water.
Moving in this stuff is going to be slow.
You enter the shallow water.
Moving in this stuff is going to be slow.
t - an emerald potion You hear the slow rusting of a drain nearby.
A quokka comes into view.
A two-headed ogre comes into view.
It is wielding a +0 dire flail and a +0 giant club.
A water moccasin skeleton comes into view.
The two-headed ogre shouts in stereo!
You scratch the quokka.
You kill the quokka!
Eustachio the Magnificent comes into view.
He is wielding a +0 rapier.
You see here a quokka corpse.
The water moccasin skeleton bites you but does no damage.
The two-headed ogre hits you with a +0 dire flail!
The two-headed ogre hits you with a +0 giant club!
You claw the two-headed ogre!
The two-headed ogre is lightly wounded.
A scorpion comes into view.
The water moccasin skeleton bites you.
You claw the two-headed ogre!
The two-headed ogre is moderately wounded.
The two-headed ogre hits you with a +0 dire flail!!
The two-headed ogre misses you. The water moccasin skeleton bites you.
* * * LOW HITPOINT WARNING * * *
You claw the two-headed ogre!
The two-headed ogre is heavily wounded.
The water moccasin skeleton bites you.
* * * LOW HITPOINT WARNING * * *
The two-headed ogre hits you with a +0 dire flail.
* * * LOW HITPOINT WARNING * * *
The two-headed ogre hits you with a +0 giant club!!
You die...

### ... # #.#####
........# #..#.#.#
@#.....Z### .......O@.##
....s...#..## #.$.#
##......#..(#########...#
....#####...#.......#...#
##########...#.......#...#
#...........####...####..#
#......#.##..#.......#...#
#......#.##.)#...#...#....
#......#.##..###≈#≈###....


You could see a two-headed ogre, a scorpion and a water moccasin skeleton.

Vanquished Creatures
  Sigmund (D:3)
  A water moccasin (D:6)
  An ogre (D:5)
  A scorpion (D:3)
  An iguana (D:5)
  Natasha (thrice) (D:3)
  A killer bee zombie (D:6)
  4 adders
  A howler monkey skeleton (D:6)
  An ufetubus (D:6)
  A worm (D:2)
  2 dart slugs (D:1)
  4 bats
  7 endoplasms
  2 giant cockroaches
  3 goblins
  6 hobgoblins
  11 jackals
  2 kobolds (D:1)
  3 quokkas
  3 ball pythons (D:3)
  A frilled lizard (D:1)
  10 rats
70 creatures vanquished.

Vanquished Creatures (others)
  A plant (D:6)
1 creature vanquished.

Grand Total: 71 creatures vanquished

Notes
Turn   | Place    | Note
-------+----------+-------------------------------------------
     0 | D:1      | Crownlay the Troll Monk began the quest for the Orb.
     0 | D:1      | Reached XP level 1. HP: 22/22 MP: 0/0
     9 | D:1      | Found Kuanwioj's Magic Scroll Emporium.
    31 | D:1      | Found Siat's Antique Weapon Emporium.
   113 | D:1      | Reached XP level 2. HP: 29/29 MP: 1/1
   221 | D:1      | Found Kuodam's Distillery.
   248 | D:1      | Found Cofip's Armour Shop.
   326 | D:1      | Found a faded altar of an unknown god.
   333 | D:1      | Reached XP level 3. HP: 36/36 MP: 2/2
   365 | D:1      | Found Ilibirou's General Store.
   567 | D:1      | Reached skill level 4 in Unarmed Combat
   928 | D:2      | Found a glowing silver altar of Zin.
  1107 | D:2      | Reached XP level 4. HP: 40/44 MP: 3/3
  1305 | D:3      | Noticed Natasha
  1312 | D:3      | Killed Natasha
  1333 | D:3      | Noticed Natasha
  1340 | D:3      | Killed Natasha
  1341 | D:3      | Reached skill level 5 in Unarmed Combat
  1424 | D:3      | Reached XP level 5. HP: 52/52 MP: 4/4
  1524 | D:3      | Reached skill level 6 in Unarmed Combat
  1719 | D:3      | Noticed Sigmund
  1728 | D:3      | Killed Sigmund
  1729 | D:3      | Reached skill level 7 in Unarmed Combat
  1729 | D:3      | Reached XP level 6. HP: 58/59 MP: 5/5
  1837 | D:3      | Noticed Natasha
  1846 | D:3      | Killed Natasha
  2040 | D:3      | You fall into a shaft and drop 3 floors!
  2041 | D:6      | Noticed a water moccasin
  2063 | D:6      | Killed a water moccasin
  2074 | D:6      | Reached XP level 7. HP: 44/66 MP: 6/6
  2130 | D:5      | Entered Level 5 of the Dungeon
  2154 | D:5      | Found a sacrificial altar of Ru.
  2183 | D:5      | Reached skill level 8 in Unarmed Combat
  2235 | D:5      | Noticed a two-headed ogre
  2238 | D:5      | Noticed Eustachio
  2244 | D:5      | Mangled by a two-headed ogre

Illustrated notes

Levels and vault maps discovered:
D:1:      dpeg_arrival_ratfight, layout_loops_ring,
          shapermc_ecumenical_altar_notcrosses, serial_shops, shop,
          nicolae_shop_window_shopping, nicolae_shop_trees, shop, shop,
          minmay_fountain_box, wad_floor_pattern_1, minmay_pentomino_q4
D:2:      layout_loops_cross, basic_altar, chequers_serial_rivers_micro_a
D:3:      layout_loops_corners, fountainhead, st_stairs_11, minmay_lizard_king,
          uniq_natasha, uniq_sigmund
D:5:      layout_loops_cross, hangedman_ru_absence, portal_sewer_entry_d,
          uniq_eustachio
D:6:      layout_basic, minmay_temple_entry_grid, serial_bayou_ford_a

Skill      XL: |  1  2  3  4  5  6  7 |
---------------+----------------------+-----
Unarmed Combat | 4 5 7 8 |  8.2
Fighting       | |  2.9
Dodging        | |  2.4
Stealth        | |  1.0

Action                   |  1- 3 |  4- 6 |  7- 9 || total
-------------------------+-------+-------+-------++-------
Melee: Unarmed           |    94 |    69 |    11 ||   174
       Punch             |       |     1 |       ||     1
  Use: Scroll            |       |       |     6 ||     6
 Stab: Sleeping          |     1 |     4 |       ||     5
Armor: Robe              |    30 |    25 |     1 ||    56
Dodge: Dodged            |    46 |    31 |     4 ||    81

Table legend: (Time is in decaauts)
 A = Elapsed time spent in this place.
 B = Non-inter-level travel time spent in this place.
 C = Inter-level travel time spent in this place.
 D = Time resting spent in this place.
 E = Time spent auto-exploring this place.
 F = Levels seen in this place.
 G = Mean time per level.
                   A        B        C        D        E       F      G
               +--------+--------+--------+--------+--------+-----+--------+
         Total |   2246 |   2196 |     50 |      0 |   1671 |   5 |  449.2 |
       Dungeon |   2246 |   2196 |     50 |      0 |   1671 |   5 |  449.2 |
               +--------+--------+--------+--------+--------+-----+--------+

Top non-repeatable levels by time:
     D:3: 811 daAuts
     D:2: 638 daAuts
     D:1: 592 daAuts
     D:5: 114 daAuts
     D:6: 88 daAuts
